[Event "Titled Tuesday Blitz December 20 Late 2022"]
[White "Makridis, Dimitrios"]
[Black "Vetoshko, Volodymyr"]
[WhiteFideId "25864475"]
[BlackFideId "14122480"]
[WhiteElo "2272"]
[BlackElo "2422"]
[Result "0-1"]
[Round "08"]
[TimeControl "180+1"]
[Date "2022.12.20"]
[WhiteClock "0:00:44"]
[BlackClock "0:00:08"]

1. e4 c5 2. Nc3 e6 3. f4 d5 4. Nf3 dxe4 5. Nxe4 Be7 6. g3 Nf6 7. d3 O-O 8. Bg2 Nc6 9. O-O Nd5 10. c3 b6 11. Qc2 Bb7 12. Bd2 Qc7 13. Rae1 Rad8 14. a3 a5 15. Bc1 Ba6 16. Nfg5 h6 17. Nf3 Nf6 18. Nf2 b5 19. Nh4 b4 20. axb4 axb4 21. f5 e5 22. c4 Nd4 23. Qd1 Bb7 24. Bxb7 Qxb7 25. Ne4 Nxe4 26. Rxe4 Bxh4 27. gxh4 Nxf5 28. Qg4 Nd6 29. Rxe5 Rfe8 30. Bxh6 f5 31. Rxe8+ Rxe8 32. Qg6 Qd7 33. Bf4 Re6 34. Qg3 Qf7 35. Kh1 Rg6 36. Qf3 Ne8 37. h5 Re6 38. Rg1 Nf6 39. h6 g6 40. h3 Kh7 41. Rg2 Nh5 42. Kh2 Qe7 43. Bg3 Qd7 44. Qd5 Qxd5 45. cxd5 Re3 46. Rd2 Nxg3 47. d6 Nf1+ 48. Kg2 Nxd2 49. d4 Rd3 50. dxc5 Ne4 51. c6 Rxd6 52. c7 Rc6 53. Kf3 Rxc7 54. Kf4 Kxh6 55. b3 Kh5 56. h4 Kxh4 57. Ke5 Nd2 58. Kf4 Nxb3 59. Ke5 Nd4 60. Kxd4 b3 61. Kd5 b2 62. Kd6 b1=Q 63. Ke6 Qe4+ 64. Kd6 Qe7+ 65. Kd5 Rc5+ 66. Kd4 Qe5+ 67. Kd3 Rc3+ 68. Kd2 Qe3+ 69. Kd1 Rc1# 0-1


[Site "https://www.chess.com"]

[Event "Titled Tuesday Blitz December 20 Late 2022"]
[White "Maksimovic, Bojan"]
[Black "Musovic, Armin"]
[WhiteFideId "14408120"]
[BlackFideId "939935"]
[WhiteElo "2462"]
[BlackElo "2288"]
[Result "1-0"]
[Round "08"]
[TimeControl "180+1"]
[Date "2022.12.20"]
[WhiteClock "0:00:13"]
[BlackClock "0:00:04"]

1. Nf3 a6 2. g3 e6 3. Bg2 Nf6 4. d3 d5 5. c3 Be7 6. O-O O-O 7. Qc2 c6 8. Nbd2 Re8 9. e4 Nfd7 10. Re1 Nf8 11. a3 Nbd7 12. b4 b6 13. Bb2 Bb7 14. c4 Rc8 15. Bc3 Ba8 16. Qb2 Bf6 17. d4 c5 18. exd5 exd5 19. Rxe8 Qxe8 20. Re1 Qd8 21. dxc5 Bxc3 22. Qxc3 bxc5 23. b5 axb5 24. cxb5 d4 25. Qb3 Nb6 26. Ne5 Bxg2 27. Qxf7+ Kh8 28. Kxg2 Rc7 29. Qf3 c4 30. Nc6 Qf6 31. Qxf6 gxf6 32. Nxd4 c3 33. N2b3 Kg8 34. Nc6 Kf7 35. Nbd4 Na4 36. Kf3 Ng6 37. Ke2 Ne5 38. Rc1 Nc4 39. Kd3 Nxa3 40. Ra1 Nxb5 41. Nxb5 Rxc6 42. Nd4 Ra6 43. Kc2 Kg6 44. Ne2 Nc5 45. Rxa6 Nxa6 46. Kxc3 Kf5 47. f3 h5 48. Kd4 Nc7 49. Ke3 Nd5+ 50. Kd3 Ke5 51. Nd4 f5 52. f4+ Kf6 53. Nf3 Ke6 54. Kd4 Nf6 55. Kc5 Ne4+ 56. Kc6 Nf2 57. Nd4+ Kf6 58. Kd6 Ne4+ 59. Kd7 Nd2 60. Ne2 Nf3 61. h4 Nd2 62. Nc3 Ne4 63. Nd5+ Kf7 64. Ne3 Nxg3 65. Kd6 Kf6 66. Nd5+ Kf7 67. Ke5 Ne2 68. Kxf5 Nd4+ 69. Kg5 Ke6 70. Ne3 Nf3+ 71. Kxh5 Kf6 72. Kg4 Nd4 73. h5 Ne2 74. Nd5+ Kf7 75. Kg5 Ng3 76. Nc3 Kg7 77. f5 Kf7 78. h6 Nf1 79. Nd5 Nd2 80. f6 Nf3+ 81. Kf5 Nd4+ 82. Kg4 Nc6 83. h7 Ne5+ 84. Kf5 Ng6 85. Nf4 Nh8 86. Kg5 Kf8 87. Ng6+ Kf7 88. Nxh8+ 1-0


[Site "https://www.chess.com"]

[Event "Titled Tuesday Blitz December 20 Late 2022"]
[White "Marcolino, Daniel Mattos"]
[Black "Skibbe, Willi"]
[WhiteFideId "2106841"]
[BlackFideId "4682190"]
[WhiteElo "2135"]
[BlackElo "2328"]
[Result "1-0"]
[Round "08"]
[TimeControl "180+1"]
[Date "2022.12.21"]
[WhiteClock "0:01:10"]
[BlackClock "0:00:18"]

1. d4 d5 2. Nf3 Nf6 3. g3 e6 4. Bg2 Be7 5. O-O O-O 6. c4 dxc4 7. Qc2 a6 8. a4 Bd7 9. Qxc4 Bc6 10. Bg5 Nbd7 11. Nc3 a5 12. Rad1 Nd5 13. Bxe7 Qxe7 14. Nxd5 Bxd5 15. Qc2 c5 16. e4 Bxe4 17. Qxe4 Nf6 18. Qh4 cxd4 19. Nxd4 Rfd8 20. Nb5 Rxd1 21. Rxd1 Rd8 22. Rxd8+ Qxd8 23. Bxb7 Qd1+ 24. Kg2 Qb3 25. Qd4 h5 26. Bf3 Nd5 27. Bxd5 exd5 28. Nc7 1-0


[Site "https://www.chess.com"]

[Event "Titled Tuesday Blitz December 20 Late 2022"]
[White "Martinez Reyes, Pedro Ramon"]
[Black "Bortnyk, Mykola"]
[WhiteFideId "3901807"]
[BlackFideId "14120836"]
[WhiteElo "2354"]
[BlackElo "2582"]
[Result "1-0"]
[Round "08"]
[TimeControl "180+1"]
[Date "2022.12.20"]
[WhiteClock "0:00:43"]
[BlackClock "0:00:07"]

1. e4 Nf6 2. e5 Nd5 3. Nf3 d6 4. d4 dxe5 5. Nxe5 c6 6. c4 Nb4 7. a3 Qxd4 8. axb4 Qxe5+ 9. Be2 e6 10. Bd2 Bd6 11. Bc3 Qf4 12. g3 Qe4 13. f3 Bxg3+ 14. hxg3 Qg6 15. Qd6 Nd7 16. Nd2 e5 17. Qxg6 fxg6 18. Ne4 Ke7 19. O-O-O h6 20. c5 b6 21. Rd6 bxc5 22. bxc5 Nxc5 23. Rxg6 Nb3+ 24. Kc2 Nd4+ 25. Bxd4 exd4 26. Rxg7+ Kf8 27. Rc7 Rb8 28. Bc4 Ke8 29. Rd1 Bf5 30. Rxd4 h5 31. Kc3 Bxe4 32. Rxe4+ Kd8 33. Ree7 Rh6 34. Red7+ Ke8 35. Rxa7 Rf6 36. Rf7 Rxf7 37. Rxf7 Rd8 38. Rh7 Rd1 39. Rxh5 Ke7 40. Rh6 c5 41. Rc6 Rc1+ 42. Kb3 Rg1 43. g4 Rg3 44. Bd5 Kd7 45. Be4 Rg1 46. Rxc5 Kd6 47. Rd5+ Ke6 48. g5 Rg2 49. g6 Rg1 50. Rc5 Kd6 51. Rc6+ Ke5 52. Rc7 Kd6 53. Ra7 Ke6 54. g7 Rg5 55. Bd3 Kf6 56. Bc4 1-0


[Site "https://www.chess.com"]

[Event "Titled Tuesday Blitz December 20 Late 2022"]
[White "Martins Jr Sobrinho, Manuel De"]
[Black "Postnikov, Artem"]
[WhiteFideId "2170310"]
[BlackFideId "34153575"]
[WhiteElo "1924"]
[BlackElo "2243"]
[Result "0-1"]
[Round "08"]
[TimeControl "180+1"]
[Date "2022.12.21"]
[WhiteClock "0:00:03"]
[BlackClock "0:00:02"]

1. e4 e5 2. Nf3 Nc6 3. Nc3 Nf6 4. a3 Be7 5. d4 exd4 6. Nxd4 Nxd4 7. Qxd4 d6 8. Be2 O-O 9. O-O Be6 10. f4 c5 11. Qd3 Bd7 12. Bf3 Bc6 13. Rd1 Qc7 14. Nb5 Bxb5 15. Qxb5 Rad8 16. Be3 Rfe8 17. Qd3 Bf8 18. Bf2 b6 19. Bh4 Be7 20. Bf2 Bf8 21. c4 Rd7 22. Bh4 Re6 23. Bxf6 Rxf6 24. e5 Rh6 25. g4 Rd8 26. Kg2 Be7 27. Qe4 dxe5 28. g5 Re6 29. Rxd8+ Qxd8 30. f5 Rd6 31. Qxe5 Rd2+ 32. Kh1 Bd6 33. Qe3 Rxh2+ 34. Kg1 Rh4 35. Rd1 Rd4 36. Rxd4 cxd4 37. Qd3 Qxg5+ 38. Kf2 a5 39. Ke2 Bc5 40. Qe4 g6 41. fxg6 hxg6 42. b4 axb4 43. axb4 Bxb4 44. Qxd4 Bc5 45. Qe4 Qc1 46. Qa8+ Kg7 47. Qd5 Qc2+ 48. Kf1 Qc1+ 49. Kg2 Qc2+ 50. Kg3 Qb2 51. Qd7 Qf2+ 52. Kg4 Qg1+ 53. Kf4 Qh2+ 54. Ke4 Qc2+ 55. Kd5 Qd3+ 56. Kc6 Qxf3+ 0-1


[Site "https://www.chess.com"]

[Event "Titled Tuesday Blitz December 20 Late 2022"]
[White "Mekhitarian, Krikor Sevag"]
[Black "Kleiman, Jake"]
[WhiteFideId "2107660"]
[BlackFideId "2020041"]
[WhiteElo "2604"]
[BlackElo "2660"]
[Result "1/2-1/2"]
[Round "08"]
[TimeControl "180+1"]
[Date "2022.12.20"]
[WhiteClock "0:00:09"]
[BlackClock "0:00:22"]

1. e4 e5 2. Nf3 Nc6 3. d3 Nf6 4. c3 d5 5. Nbd2 Bc5 6. Be2 a5 7. O-O O-O 8. a4 h6 9. exd5 Qxd5 10. Nc4 Re8 11. Be3 Bg4 12. h3 Bh5 13. Qc2 Rad8 14. Rfd1 Bg6 15. Bxc5 Qxc5 16. Qb3 b6 17. Ne3 e4 18. dxe4 Nxe4 19. Rxd8 Rxd8 20. Rd1 Rxd1+ 21. Qxd1 Nd6 22. Qd5 Ne4 23. Bb5 Ne7 24. Qxc5 Nxc5 25. b4 Nd3 26. bxa5 bxa5 27. Nd4 Nc5 28. Nc4 Nd5 29. Ne2 Bd3 30. Nxa5 Bxe2 31. Bxe2 Nxc3 32. Bf3 N3xa4 33. Nc6 Kf8 34. Kf1 Nb6 35. Nd4 Ne6 36. Nb5 Ke7 37. g3 c5 38. Ke2 Nc4 39. Bg2 Nd6 40. Nc3 Nd4+ 41. Kd3 Ne6 42. Nd5+ Kd7 43. Ne3 g6 44. Nd5 h5 45. Nf6+ Ke7 46. Nd5+ Kd7 47. Nf6+ Kc7 48. Nd5+ Kc8 49. h4 c4+ 50. Kc3 Nc5 51. Nb6+ Kc7 52. Nxc4 Nce4+ 53. Kd4 Nxf2 54. Nxd6 Kxd6 55. Ke3 Ng4+ 56. Kf4 Ke6 57. Bh3 f5 58. Bf1 Kf6 59. Be2 Ne5 60. Ke3 Nf7 61. Kf4 Nd8 62. Ke3 Ne6 63. Bc4 Ke5 64. Bb3 Nd4 65. Bf7 Kf6 66. Bxg6 Nc2+ 67. Kd2 Kxg6 68. Kxc2 f4 69. gxf4 Kf5 70. Kd3 Kxf4 71. Ke2 Kg3 72. Kf1 Kxh4 73. Kg1 Kg4 74. Kh1 h4 75. Kg1 h3 76. Kh1 h2 77. Kxh2 1/2-1/2


[Site "https://www.chess.com"]

[Event "Titled Tuesday Blitz December 20 Late 2022"]
[White "Melikhov, Evgeny V."]
[Black "Urbina Perez, Juan Antonio"]
[WhiteFideId "4122046"]
[BlackFideId "2217368"]
[WhiteElo "2169"]
[BlackElo "2197"]
[Result "1-0"]
[Round "08"]
[TimeControl "180+1"]
[Date "2022.12.21"]
[WhiteClock "0:00:23"]
[BlackClock "0:00:11"]

1. d4 Nf6 2. c4 e6 3. Nc3 Bb4 4. Qc2 O-O 5. e4 d5 6. e5 Ne4 7. Bd3 c5 8. Nf3 cxd4 9. Nxd4 Nc6 10. Nxc6 bxc6 11. O-O f5 12. exf6 Nxf6 13. Bg5 h6 14. Bh4 Bd6 15. h3 Rb8 16. Rae1 Bd7 17. Bh7+ Kh8 18. Bg6 Qc7 19. Qe2 Qb6 20. b3 Qc7 21. Bc2 Bh2+ 22. Kh1 Bf4 23. Qd3 Kg8 24. Qg6 Be8 25. Qd3 Be5 26. Rxe5 Qxe5 27. Bg3 Qf5 28. Qxf5 exf5 29. Bxb8 d4 30. Ne2 c5 31. Nf4 Rf7 32. Bxf5 g5 33. Nd3 Nh5 34. Be6 Kg7 35. Bxf7 Bxf7 36. Bxa7 Bg6 37. Rd1 Bxd3 38. Rxd3 Nf4 39. Rd2 d3 40. Bxc5 Kf6 41. Be3 Ne6 42. Rxd3 Ke5 43. Rd5+ Ke4 44. a4 1-0


[Site "https://www.chess.com"]

[Event "Titled Tuesday Blitz December 20 Late 2022"]
[White "Melkumyan, Hrant"]
[Black "Abdrlauf, Elham"]
[WhiteFideId "13302485"]
[BlackFideId "1533533"]
[WhiteElo "2604"]
[BlackElo "2454"]
[Result "0-1"]
[Round "08"]
[TimeControl "180+1"]
[Date "2022.12.20"]
[WhiteClock "0:00:01"]
[BlackClock "0:00:05"]

1. d4 Nf6 2. c4 e6 3. Bf4 d5 4. e3 Be7 5. Nc3 O-O 6. Rc1 c6 7. Nf3 Nbd7 8. a3 b6 9. Bd3 Bb7 10. O-O dxc4 11. Bxc4 c5 12. Qe2 cxd4 13. exd4 a6 14. Rfd1 b5 15. Ba2 Nb6 16. Nxb5 Bd5 17. Nc3 Bxa2 18. Nxa2 Nbd5 19. Bg3 Qb6 20. Ne5 Rfc8 21. b4 a5 22. Nc4 Qa6 23. bxa5 Bxa3 24. Rc2 Bb4 25. Nxb4 Nxb4 26. Rcc1 Nfd5 27. h3 Rc6 28. Qf1 Rac8 29. Nb6 Qxf1+ 30. Rxf1 Rxc1 31. Nxc8 Rxc8 32. Rb1 Ra8 33. Bd6 Nc6 34. a6 Rxa6 35. g3 h6 36. Bc5 Ra8 37. Kg2 Rb8 38. Ra1 Rc8 39. h4 Ncb4 40. h5 Nd3 41. Bd6 Rc2 0-1


[Site "https://www.chess.com"]

[Event "Titled Tuesday Blitz December 20 Late 2022"]
[White "Mendez Fortes, Eduardo Jesus"]
[Black "reevecanada"]
[WhiteFideId "3502376"]
[WhiteElo "2307"]
[BlackElo "2370"]
[Result "1-0"]
[Round "08"]
[TimeControl "180+1"]
[Date "2022.12.21"]
[WhiteClock "0:02:12"]
[BlackClock "0:02:19"]

1. e4 c5 2. Nf3 d6 3. d4 cxd4 4. Nxd4 Nf6 5. Nc3 a6 6. Bg5 e6 7. f4 Be7 8. Qf3 h6 9. Bh4 Qc7 10. O-O-O Nbd7 11. g4 g5 12. fxg5 Ne5 13. Qg3 Nfxg4 14. gxh6 Bxh4 15. Qxh4 Rxh6 16. Qg3 Qe7 17. h4 Bd7 18. Be2 Nf6 19. Nf3 Rg6 20. Qf4 Rg4 21. Qh2 Rg8 22. Nxe5 dxe5 23. Qxe5 O-O-O 24. Rhf1 Ne8 25. Nd5 Qxh4 26. Nb6# 1-0


[Site "https://www.chess.com"]

[Event "Titled Tuesday Blitz December 20 Late 2022"]
[White "Mihajlov, Sebastian"]
[Black "Goryachkina, Aleksandra"]
[WhiteFideId "1512110"]
[BlackFideId "4147103"]
[WhiteElo "2464"]
[BlackElo "2484"]
[Result "0-1"]
[Round "08"]
[TimeControl "180+1"]
[Date "2022.12.20"]
[WhiteClock "0:00:01"]
[BlackClock "0:00:14"]

1. e4 c5 2. Nf3 e6 3. d4 cxd4 4. Nxd4 Nf6 5. Nc3 Nc6 6. Nxc6 bxc6 7. e5 Nd5 8. Ne4 Bb7 9. Be2 c5 10. O-O Qc7 11. f4 Be7 12. c4 Nb6 13. Nd6+ Bxd6 14. exd6 Qc6 15. Bf3 Qc8 16. Be2 Qc6 17. Bf3 Qc8 18. b3 Bxf3 19. Qxf3 f6 20. Bb2 O-O 21. Rad1 Rb8 22. Bc3 Qb7 23. Qe3 Qc6 24. Rd3 Ra8 25. a4 Rab8 26. Rfd1 a6 27. Be1 Nc8 28. Bf2 Na7 29. Qxc5 Qxc5 30. Bxc5 Nc6 31. Rc3 Rb7 32. b4 Nxb4 33. Bxb4 Rxb4 34. c5 Rc8 35. c6 dxc6 36. d7 Rd8 37. Rxc6 Kf7 38. Rxa6 Rxf4 39. Ra7 Ke7 40. a5 e5 41. a6 Ra4 42. h3 h5 43. Kh2 h4 44. Rd2 g6 45. Kg1 e4 46. Kf2 f5 47. Ke3 g5 48. Rd5 Ke6 49. Rd2 f4+ 50. Ke2 Ra3 51. Rd4 Ke5 0-1


[Site "https://www.chess.com"]

[Event "Titled Tuesday Blitz December 20 Late 2022"]
[White "Mikhailov, Viacheslav"]
[Black "Kravtsiv, Martyn"]
[WhiteFideId "4187369"]
[BlackFideId "14113147"]
[WhiteElo "2381"]
[BlackElo "2695"]
[Result "1/2-1/2"]
[Round "08"]
[TimeControl "180+1"]
[Date "2022.12.20"]
[WhiteClock "0:00:03"]
[BlackClock "0:00:26"]

1. Nf3 d5 2. g3 Nf6 3. Bg2 c5 4. O-O Nc6 5. d4 cxd4 6. Nxd4 e5 7. Nxc6 bxc6 8. c4 Be6 9. Nc3 Qd7 10. cxd5 cxd5 11. Bg5 Rd8 12. Bxf6 gxf6 13. e4 dxe4 14. Bxe4 Qxd1 15. Rfxd1 Bc5 16. Rac1 O-O 17. Nd5 Bd4 18. Ne7+ Kg7 19. Nc6 Rd6 20. Nxd4 exd4 21. a3 a5 22. Rc6 Rxc6 23. Bxc6 Rd8 24. b4 Bb3 25. Rd2 axb4 26. axb4 d3 27. b5 Ba4 28. f4 f5 29. Kf2 Rd6 30. Ke3 Bc2 31. Rf2 Kf6 32. Kd2 Ke7 33. Rf3 Kd8 34. Re3 Rh6 35. h4 Rg6 36. Bd5 Kc7 37. Bxf7 Rg7 38. Bc4 Kb6 39. Bxd3 Bxd3 40. Kxd3 Kxb5 41. Ke2 Kc6 42. Kf3 Kd6 43. Re5 Rf7 44. h5 Rf6 45. Kg2 Rf7 46. Kh3 h6 47. Kh4 Rf6 48. Re8 Kd7 49. Re1 Rd6 50. Re5 Rf6 51. Ra5 Ke7 52. Ra7+ Kf8 53. Rd7 Kg8 54. Kh3 Re6 55. Rd5 Rf6 56. Kg2 Kf7 57. Rb5 Ke7 58. Rb7+ Kf8 59. Rb5 Ke7 60. Kf3 Kf8 61. Ke3 Ke7 62. Kd4 Rd6+ 63. Rd5 Ke6 64. Rxd6+ Kxd6 65. Kc4 Kc6 66. Kd4 Kd6 67. Ke3 Kc5 68. Kd3 Kd5 69. Ke3 Kc5 70. Kd3 Kd5 71. Ke3 Kc5 1/2-1/2


[Site "https://www.chess.com"]

[Event "Titled Tuesday Blitz December 20 Late 2022"]
[White "Mikhalsky, Vladimir"]
[Black "Lopez Idarraga, Daniel Eduardo"]
[WhiteFideId "14144352"]
[BlackFideId "4405501"]
[WhiteElo "2272"]
[BlackElo "2064"]
[Result "1-0"]
[Round "08"]
[TimeControl "180+1"]
[Date "2022.12.21"]
[WhiteClock "0:00:29"]
[BlackClock "0:00:26"]

1. e4 e6 2. d4 d5 3. e5 c5 4. Qg4 cxd4 5. Bd3 Nc6 6. Nf3 Bd7 7. O-O Nb4 8. Nxd4 Nxd3 9. cxd3 Ne7 10. Nc3 Nc6 11. Ndb5 Nxe5 12. Qg3 a6 13. Qxe5 axb5 14. Nxd5 f6 15. Qh5+ g6 16. Qe2 Kf7 17. Nf4 Bd6 18. Re1 Re8 19. d4 Qc7 20. g3 Ra4 21. Be3 Rea8 22. b3 R4a6 23. d5 e5 24. Ne6 Bxe6 25. dxe6+ Kxe6 26. Qxb5 Qc6 27. Qf1 Rxa2 28. Rxa2 Rxa2 29. Qh3+ f5 30. Qxh7 Qe8 31. Rd1 Be7 32. h4 Qf7 33. Qh6 Bf8 34. Qh8 Qg7 35. Qxg7 Bxg7 36. Rc1 Rb2 37. Rc7 Bf6 38. Rxb7 f4 39. gxf4 Bxh4 40. fxe5 Kxe5 41. Rb5+ Ke6 42. Rb6+ Kf5 43. Kg2 Be7 44. Kf3 Rc2 45. b4 Rc4 46. b5 Bc5 47. Rc6 1-0


[Site "https://www.chess.com"]

[Event "Titled Tuesday Blitz December 20 Late 2022"]
[White "Movahed, Sina"]
[Black "Koutlas, Nikolaos"]
[WhiteFideId "42520835"]
[BlackFideId "25827138"]
[WhiteElo "2225"]
[BlackElo "2167"]
[Result "1-0"]
[Round "08"]
[TimeControl "180+1"]
[Date "2022.12.21"]
[WhiteClock "0:01:25"]
[BlackClock "0:00:12"]

1. e4 g6 2. d4 Bg7 3. Nf3 d6 4. Nc3 a6 5. a4 Nf6 6. Be2 O-O 7. O-O b6 8. e5 Nfd7 9. e6 fxe6 10. Ng5 Rf6 11. Nce4 h6 12. Nxf6+ Nxf6 13. Nf3 Bb7 14. Bc4 Nd5 15. Re1 Qd7 16. Qd3 Kh7 17. Nh4 Qe8 18. Rxe6 Bf6 19. Nf3 Qf7 20. Re2 Nd7 21. c3 Qg7 22. h4 Kh8 23. Ng5 hxg5 24. hxg5 Bxd4 25. Qh3+ Kg8 26. Qxd7 Be5 27. Qxc7 e6 28. Qxg7+ Kxg7 29. g3 Kf7 30. f4 Bg7 31. Bd3 Rh8 32. Be4 Bf8 33. c4 Be7 34. cxd5 exd5 35. Bf3 1-0


[Site "https://www.chess.com"]

[Event "Titled Tuesday Blitz December 20 Late 2022"]
[White "Munoz, Francisco Javier"]
[Black "Bambino Filho, Antonio Carlos"]
[WhiteFideId "128368"]
[BlackFideId "2113163"]
[WhiteElo "2383"]
[BlackElo "2407"]
[Result "0-1"]
[Round "08"]
[TimeControl "180+1"]
[Date "2022.12.21"]
[WhiteClock "0:00:04"]
[BlackClock "0:00:15"]

1. e4 c5 2. Nc3 Nc6 3. f4 g6 4. Nf3 Bg7 5. Bb5 Nd4 6. Nxd4 cxd4 7. Ne2 a6 8. Ba4 b5 9. Bb3 Bb7 10. Ng3 h5 11. h4 Nh6 12. d3 Ng4 13. Qf3 e6 14. Bd2 a5 15. a4 Qb6 16. axb5 Qxb5 17. Ra2 O-O 18. Ba4 Qb6 19. Bxd7 a4 20. Bxa4 Bc6 21. Bb3 Rxa2 22. Bxa2 Qxb2 23. Bb3 Ba4 24. Bxa4 Qa1+ 25. Qd1 Qxa4 26. c4 Qa3 27. Bc1 Qa2 28. Qe2 Qa1 29. O-O Rb8 30. f5 Be5 31. Bf4 Qb2 32. fxg6 fxg6 33. Bxe5 Qxe2 34. Nxe2 Nxe5 35. Nxd4 Nxd3 36. Nxe6 Re8 37. Rf6 Ne5 38. c5 Ng4 39. Rxg6+ Kh7 40. Nf4 Rxe4 41. Rxg4 hxg4 42. Nd5 Rc4 43. c6 Rxc6 44. Ne3 g3 45. Kf1 Rf6+ 46. Ke2 Rf2+ 47. Kd3 Kg6 48. Ke4 Kh5 49. Nf5 Rxg2 50. Kf3 Rf2+ 51. Ke4 Rxf5 0-1


[Site "https://www.chess.com"]

[Event "Titled Tuesday Blitz December 20 Late 2022"]
[White "Nakamura, Hikaru"]
[Black "Lazavik, Denis"]
[WhiteFideId "2016192"]
[BlackFideId "13515110"]
[WhiteElo "2909"]
[BlackElo "2484"]
[Result "1-0"]
[Round "08"]
[TimeControl "180+1"]
[Date "2022.12.20"]
[WhiteClock "0:00:17"]
[BlackClock "0:00:05"]

1. e4 e5 2. Nf3 Nc6 3. Bb5 Nf6 4. d3 Bc5 5. Bxc6 dxc6 6. Nbd2 Nd7 7. Nc4 f6 8. O-O Nf8 9. Kh1 Be6 10. Be3 Bxe3 11. Nxe3 Ng6 12. g3 O-O 13. h4 c5 14. h5 Ne7 15. Nh4 Qd7 16. f4 exf4 17. gxf4 f5 18. Qf3 Qc6 19. Qg2 Rf7 20. Nf3 Qe8 21. Rg1 Qf8 22. h6 g6 23. Ng5 Qxh6+ 24. Qh2 Qxh2+ 25. Kxh2 Bd7 26. Nxf7 Kxf7 27. Nc4 Nc6 28. Rae1 Be6 29. exf5 Bxf5 30. Ne5+ Nxe5 31. Rxe5 b6 32. Rge1 Kf6 33. Re7 c4 34. dxc4 Rd8 35. R1e2 Bg4 36. R2e5 Rd2+ 37. Kg3 h5 38. Rxc7 Rxc2 39. c5 bxc5 40. Rc6+ Kf7 41. Rc7+ Kf6 42. Rc6+ Kf7 43. Rexc5 Rxb2 44. Ra6 Bf5 45. Rc7+ Ke8 46. Raxa7 Kd8 47. Rh7 1-0


[Site "https://www.chess.com"]

[Event "Titled Tuesday Blitz December 20 Late 2022"]
[White "Olsen, Filip Boe"]
[Black "Sztokbant, Bernardo Vainzoff"]
[WhiteFideId "1440640"]
[BlackFideId "2115956"]
[WhiteElo "2333"]
[BlackElo "2222"]
[Result "1/2-1/2"]
[Round "08"]
[TimeControl "180+1"]
[Date "2022.12.21"]
[WhiteClock "0:00:27"]
[BlackClock "0:00:03"]

1. Nf3 d5 2. c4 Nf6 3. cxd5 Nxd5 4. g3 g6 5. Bg2 Bg7 6. Nc3 O-O 7. O-O c5 8. d3 Nc6 9. Ng5 Nxc3 10. bxc3 Qd7 11. Rb1 h6 12. Ne4 b6 13. Be3 Bb7 14. c4 f5 15. Nd2 Nd4 16. Bxb7 Qxb7 17. Nb3 Qd7 18. Qd2 Kh7 19. Bxd4 cxd4 20. c5 f4 21. Rfc1 f3 22. c6 Qd5 23. exf3 Rxf3 24. Qe2 Rf7 25. Nd2 Rc8 26. Qe4 Qxa2 27. Nf3 Rcf8 28. c7 Rxf3 29. c8=Q Qxf2+ 30. Kh1 Rxc8 31. Rxc8 Re3 32. Qg2 Qxg2+ 33. Kxg2 Rxd3 34. Rc7 Rd2+ 35. Kg1 Bf6 36. Rxa7 d3 37. Rxb6 Bd4+ 38. Kf1 Bxb6 39. Rxe7+ Kg8 40. Re6 Bd4 41. Rxg6+ Bg7 42. Rd6 Rxh2 43. Rxd3 Rb2 44. Kg1 Kh7 45. Rd5 Rb6 46. Kf2 Rg6 47. Kf3 Rg5 48. Rd6 Be5 49. Rd7+ Kg6 50. g4 Kf6 51. Ra7 Rg6 52. Ra6+ Kf7 53. Rxg6 Kxg6 54. Kg2 Kg5 55. Kh1 Bf4 56. Kg2 Kh4 57. Kf3 Be5 58. Kg2 Bd6 59. Kh1 Kh3 60. Kg1 Be5 61. Kh1 Bf4 62. Kg1 Be3+ 63. Kh1 Bd4 64. g5 hxg5 1/2-1/2


[Site "https://www.chess.com"]

[Event "Titled Tuesday Blitz December 20 Late 2022"]
[White "Omelja, Artem"]
[Black "Yeritsyan, Hayk"]
[WhiteFideId "14119846"]
[BlackFideId "13307320"]
[WhiteElo "2404"]
[BlackElo "2418"]
[Result "1-0"]
[Round "08"]
[TimeControl "180+1"]
[Date "2022.12.21"]
[WhiteClock "0:01:31"]
[BlackClock "0:00:07"]

1. e4 c6 2. Ne2 d5 3. e5 c5 4. d4 Nc6 5. dxc5 Nxe5 6. c3 Bf5 7. Nd4 Bd7 8. b4 e6 9. f4 Nc6 10. Bd3 Nf6 11. O-O b6 12. cxb6 Nxd4 13. cxd4 Qxb6 14. Be3 Bxb4 15. Nd2 O-O 16. Rb1 Qa5 17. Nb3 Qxa2 18. Ra1 Qb2 19. Rf2 Qc3 20. Rc1 Ng4 21. Rxc3 Nxf2 22. Kxf2 Bxc3 23. Nc5 Bc6 24. Qc2 Bb4 25. Bxh7+ Kh8 26. Bd3 Bxc5 27. dxc5 Rab8 28. Bd4 Rb4 29. Qe2 Kg8 30. Qh5 f5 31. Be5 a5 32. g4 fxg4 33. Bh7+ Kh8 34. Bg6+ Kg8 35. Qh7# 1-0


[Site "https://www.chess.com"]

[Event "Titled Tuesday Blitz December 20 Late 2022"]
[White "Pakleza, Zbigniew"]
[Black "Sarana, Alexey"]
[WhiteFideId "1119290"]
[BlackFideId "24133795"]
[WhiteElo "2410"]
[BlackElo "2708"]
[Result "0-1"]
[Round "08"]
[TimeControl "180+1"]
[Date "2022.12.20"]
[WhiteClock "0:00:02"]
[BlackClock "0:00:33"]

1. d4 Nf6 2. Nf3 d5 3. Bf4 c5 4. c3 Nc6 5. Nbd2 Qb6 6. Qb3 c4 7. Qc2 Bg4 8. b3 cxb3 9. Qxb3 e6 10. e3 Nd7 11. h3 Bh5 12. Be2 Be7 13. O-O O-O 14. c4 Qxb3 15. axb3 Bb4 16. Rfd1 Rfc8 17. Kf1 h6 18. Ne1 Bg6 19. Bd3 Bc3 20. Rac1 Bxd2 21. Rxd2 Na5 22. Rb2 b6 23. Bxg6 fxg6 24. Ra1 dxc4 25. bxc4 Nxc4 26. Rba2 a5 27. Nd3 b5 28. Ke2 Ndb6 29. Bg3 Nd5 30. Ke1 b4 31. Nc5 e5 32. Rc2 Na3 33. Rxa3 bxa3 34. Bxe5 Nb4 0-1


[Site "https://www.chess.com"]

[Event "Titled Tuesday Blitz December 20 Late 2022"]
[White "Paravyan, David"]
[Black "Donchenko, Alexander"]
[WhiteFideId "4194985"]
[BlackFideId "24603295"]
[WhiteElo "2551"]
[BlackElo "2581"]
[Result "0-1"]
[Round "08"]
[TimeControl "180+1"]
[Date "2022.12.20"]
[WhiteClock "0:00:01"]
[BlackClock "0:01:11"]

1. e4 c6 2. d4 d5 3. e5 Bf5 4. h4 h5 5. Bd3 Bxd3 6. Qxd3 Qa5+ 7. Nc3 e6 8. Bg5 Ne7 9. Ne2 Nf5 10. Ng3 Nxg3 11. fxg3 Qa6 12. Qf3 Bb4 13. Rf1 Rf8 14. Qxh5 Qc4 15. O-O-O Bxc3 16. bxc3 Qxc3 17. Rf4 Na6 18. Rd3 Qe1+ 19. Kb2 Rc8 20. a3 Rc7 21. Rdf3 c5 22. Rf1 Qa5 23. Qh7 cxd4 0-1


[Site "https://www.chess.com"]

[Event "Titled Tuesday Blitz December 20 Late 2022"]
[White "Perske, Thore"]
[Black "Haszon, David"]
[WhiteFideId "12902195"]
[BlackFideId "733610"]
[WhiteElo "2336"]
[BlackElo "2210"]
[Result "1-0"]
[Round "08"]
[TimeControl "180+1"]
[Date "2022.12.21"]
[WhiteClock "0:00:15"]
[BlackClock "0:00:17"]

1. e4 e5 2. Nf3 Nf6 3. Nc3 Nc6 4. Bb5 Nd4 5. Bc4 d6 6. d3 Bg4 7. Be3 c5 8. Bxd4 cxd4 9. Nd5 Nxd5 10. Bxd5 Qd7 11. h3 Be6 12. Bb3 Be7 13. O-O O-O 14. Bxe6 Qxe6 15. Nd2 Bg5 16. Nc4 b5 17. Na5 Rac8 18. a4 b4 19. Nc4 d5 20. exd5 Qxd5 21. Re1 Bf6 22. Qg4 g6 23. Qe4 Qc5 24. b3 Rfe8 25. g3 Bg7 26. Qb7 Rc7 27. Qb5 Qe7 28. f4 f6 29. fxe5 fxe5 30. Qd5+ Kh8 31. Kg2 Rf8 32. Rf1 Rcc8 33. Rxf8+ Rxf8 34. Rf1 Rxf1 35. Kxf1 h5 36. Kg2 Qg5 37. Qf3 h4 38. Qg4 Qc1 39. Qe2 hxg3 40. Kxg3 Qf4+ 41. Kg2 Bf6 42. Qf3 Qg5+ 43. Kf2 Kg7 44. Nd6 Qc1 45. Ne8+ Kh6 46. Nxf6 Qxc2+ 47. Kg3 Qc1 48. Ng4+ Kh7 49. Qf7+ Kh8 50. Qe8+ Kh7 51. Qe7+ Kh8 52. Qxe5+ Kg8 53. Qb8+ Kh7 54. Qxa7+ Kg8 55. Qxd4 Qg1+ 56. Qxg1 1-0


[Site "https://www.chess.com"]

[Event "Titled Tuesday Blitz December 20 Late 2022"]
[White "Piliczewski, Bogusz"]
[Black "Araujo, Everson De Moura"]
[WhiteFideId "1104144"]
[BlackFideId "22737197"]
[WhiteElo "1896"]
[BlackElo "2035"]
[Result "1-0"]
[Round "08"]
[TimeControl "180+1"]
[Date "2022.12.21"]
[WhiteClock "0:01:12"]
[BlackClock "0:00:04"]

1. d4 d5 2. Nf3 Nf6 3. c4 e6 4. Bg5 Be7 5. e3 O-O 6. Nc3 a6 7. Rc1 dxc4 8. Bxc4 b5 9. Be2 Bb7 10. O-O Nbd7 11. a3 c5 12. dxc5 Nxc5 13. Qxd8 Rfxd8 14. Rfd1 Rxd1+ 15. Rxd1 h6 16. Bf4 Rd8 17. Rxd8+ Bxd8 18. Bd6 Nce4 19. Nxe4 Nxe4 20. Bb4 a5 21. Be1 Nd6 22. Nd4 Nc4 23. Bc3 Ba6 24. Nc6 Bb6 25. Bxc4 bxc4 26. Bxa5 Bc5 27. Bb4 Bb6 28. Nd4 Bxd4 29. exd4 f6 30. f4 Kf7 31. Kf2 g5 32. g3 Bb7 33. Ke3 Bc6 34. Bd6 Kg6 35. h3 h5 36. g4 f5 37. fxg5 fxg4 38. hxg4 hxg4 39. Kf4 Bf3 40. a4 Be2 41. a5 Kf7 42. Bb4 Ke8 43. Bc3 Kd7 44. g6 Ke7 45. a6 Kf6 46. d5+ Kxg6 47. dxe6 Bf3 48. a7 Bd5 49. Be5 1-0


[Site "https://www.chess.com"]